 Dungeon Crawl Stone Soup version 0.31.0-9-g3a7656b989 (webtiles) character file.

Game seed: 16523851066358182262

107 qw the Skirmisher (level 4, -4/25 HPs)
             Began as a Deep Elf Hunter on Feb 2, 2024.
             Killed by divine providence
             ... invoked by an orc priest
              (12 damage)
             ... on level 3 of the Dungeon.
             The game lasted 00:00:05 (1456 turns).

qw the Skirmisher (Deep Elf Hunter)                 Turns: 1456, Time: 00:00:06

Health: -4/25      AC:  4    Str: 10    XL:     4   Next: 57%
Magic:  6/6        EV: 12    Int: 14    God:
Gold:   152        SH:  0    Dex: 18    Spells: 3/3 levels left

rFire   . . .        a - +1 shortbow
rCold   . . .        (shield currently unavailable)
rNeg    . . .        c - +0 leather armour
rPois   .            (no helmet)
rElec   .            (no cloak)
rCorr   .            e - +0 pair of gloves
SInv    .            (no boots)
Will    .....        k - amulet of faith
Stlth   ++           (no ring)
HPRegen 0.24/turn    (no ring)
MPRegen 0.10/turn

%: faith
@: no status effects
A: no striking features
a: no special abilities


You were on level 3 of the Dungeon.
You visited 1 branch of the dungeon, and saw 3 of its levels.

You collected 152 gold pieces.


   Skills:
 - Level 1.5 Fighting
 + Level 8.0 Ranged Weapons
 - Level 2.4 Dodging
 - Level 1.2 Stealth


You had 3 spell levels left.
You didn't know any spells.
Your spell library was empty.

Inventory:

Hand Weapons
 a - a +1 shortbow (weapon)
Armour
 c - a +0 leather armour (worn)
 e - a +0 pair of gloves (worn)
Jewellery
 k - an amulet of faith (around neck)
Scrolls
 g - 2 scrolls of teleportation
Potions
 b - a potion of mutation
 d - 2 potions of curing
 f - 2 potions of attraction {unknown}
 h - 2 potions of invisibility {unknown}
 j - a potion of brilliance {unknown}

Dungeon Overview and Level Annotations

Branches:
Dungeon (3/15)

Altars:
Dithmenos


Message History

The ribbon worm is moderately wounded.
An orc comes into view. It is wielding a +0 club.
You shoot an arrow. The orc shouts!
The arrow hits the ribbon worm!
The ribbon worm is almost dead.
An endoplasm comes into view.
You shoot an arrow. The arrow hits the ribbon worm.
The ribbon worm is almost dead.
An orc wizard comes into view. It is wielding a +0 dagger.
An orc priest comes into view. It is wielding a +0 hand axe.
You shoot an arrow.
The arrow barely misses the ribbon worm.
The orc priest calls down the wrath of Beogh upon you.
Beogh smites you!
Ouch! That really hurt!
You shoot an arrow. The arrow hits the ribbon worm!
You kill the ribbon worm!
Your Ranged Weapons skill increases to level 8!
1449 ||| FLEEEEING.
1450 ||| FLEEEEING.
The orc priest miscasts a cantrip.
1451 ||| FLEEEEING.
1452 ||| FLEEEEING.
The orc priest begins to cast a cantrip, but forgets the words!
You shoot an arrow. The arrow hits the orc!
You kill the orc!
You shoot an arrow. The arrow hits the orc wizard.
The orc wizard is heavily wounded.
The orc wizard points at you and mumbles some strange words.
The puff of flame hits you.
You shoot an arrow. The arrow barely misses the orc wizard.
The arrow hits the orc priest.
The orc priest is lightly wounded.
You shoot an arrow.
The arrow closely misses the orc wizard.
The arrow closely misses the orc priest.
The orc priest invokes the aid of Beogh against you.
Beogh smites you!
You die...

#..$....######
#............#
...........#
#.........#
#.o.......#
#.)..%....#
#.........#
####o...###
#@...# ..
#....###.#
#....#...#
#.....%####
#..........
#..........
#..........
#...:......
###..........


You could see an orc priest and an orc wizard.

Vanquished Creatures
  A jelly (D:2)
  2 adders (D:2)
  A dart slug (D:2)
  A ribbon worm (D:3)
  3 orcs (D:3)
  4 endoplasms
  A giant cockroach (D:3)
  8 goblins
  2 hobgoblins
  4 jackals (D:2)
  2 quokkas (D:3)
  7 ball pythons
  5 bats
  3 frilled lizards
  2 kobolds (D:2)
  5 rats
51 creatures vanquished.

Notes
Turn   | Place    | Note
-------+----------+-------------------------------------------
     0 | D:1      | qw the Deep Elf Hunter began the quest for the Orb.
     0 | D:1      | Reached XP level 1. HP: 12/12 MP: 3/3
     0 | D:1      | 0 ||| qw: Version: 0.3-a-155-g5e7d8dd
     0 | D:1      | 0 ||| qw: Game counter: 1855
     0 | D:1      | 0 ||| qw: Melee chars always use a shield: true
     0 | D:1      | 0 ||| qw: God list: Okawaru
     0 | D:1      | 0 ||| qw: Allow faded altars: false
     0 | D:1      | 0 ||| qw: Do Orc after clearing Dungeon:15 true
     0 | D:1      | 0 ||| qw: Do second Lair branch before Depths: true
     0 | D:1      | 0 ||| qw: Lair rune preference: random
     0 | D:1      | 0 ||| qw: Goals: Normal
     0 | D:1      | 0 ||| PLANNING D:1-11
   243 | D:1      | Reached XP level 2. HP: 16/16 MP: 4/4
   244 | D:1      | Reached skill level 6 in Ranged Weapons
   677 | D:1      | 677 ||| UPGRADING to +0 pair of gloves.
   682 | D:1      | 682 ||| DRINKING 2 golden potions.
   683 | D:1      | 683 ||| DROPPING scroll of butterflies.
   879 | D:2      | Reached XP level 3. HP: 18/20 MP: 5/5
   935 | D:2      | Reached skill level 7 in Ranged Weapons
   935 | D:2      | Reached XP level 4. HP: 25/25 MP: 6/6
  1197 | D:2      | 1197 ||| UPGRADING to amulet of faith.
  1202 | D:2      | 1202 ||| READING scroll labelled COSALU XIPIF.
  1202 | D:2      | 1202 ||| IDENTIFYING murky purple potion
  1203 | D:2      | 1203 ||| READING 3 scrolls labelled OSUHOM GUAWUWK.
  1208 | D:2      | 1208 ||| READING scroll labelled LUEKETZIMEU.
  1309 | D:2      | 1309 ||| READING scroll labelled BYPLUAGAWU.
  1310 | D:2      | 1310 ||| READING scroll labelled NESEDE OWATT.
  1310 | D:2      | 1310 ||| ENCHANTING +0 shortbow.
  1361 | D:3      | Found a shadowy altar of Dithmenos.
  1393 | D:3      | 1393 ||| FLEEEEING.
  1394 | D:3      | 1394 ||| FLEEEEING.
  1449 | D:3      | Reached skill level 8 in Ranged Weapons
  1449 | D:3      | 1449 ||| FLEEEEING.
  1450 | D:3      | 1450 ||| FLEEEEING.
  1451 | D:3      | 1451 ||| FLEEEEING.
  1452 | D:3      | 1452 ||| FLEEEEING.
  1456 | D:3      | Killed from afar by an orc priest

Levels and vault maps discovered:
D:1:      dpeg_arrival_stone_temple_mockup, layout_basic
D:2:      layout_rooms
D:3:      layout_basic, nicolae_wu_jian_immortal_techniques,
          grunt_dithmenos_smoke_and_mirrors

Skill      XL: |  1  2  3  4 |
---------------+-------------+-----
Ranged Weapons | 6 7 8 |  8.0
Fighting       | |  1.5
Dodging        | |  2.4
Stealth        | |  1.2

Action                     |  1- 3 |  4- 6 || total
---------------------------+-------+-------++-------
   Fire: Shortbow          |    60 |    61 ||   121
    Use: Potion            |     1 |       ||     1
         Scroll            |       |     5 ||     5
 Armour: Leather armour    |     6 |     6 ||    12
  Dodge: Dodged            |     6 |     2 ||     8

Table legend:
 A = Non-vault XP
 B = Vault XP
 C = Vault XP percentage of total XP
 D = Non-vault monster count
 E = Vault monster count
 F = Vault count percentage of total count
                 A         B        C        D         E       F
            +---------+---------+-------+---------+---------+-------
      Total |     154 |       0 |   0.0 |      51 |       0 |   0.0
            +---------+---------+-------+---------+---------+-------
        D:1 |      18 |       0 |   0.0 |      13 |       0 |   0.0
        D:2 |     111 |       0 |   0.0 |      27 |       0 |   0.0
        D:3 |      25 |       0 |   0.0 |      11 |       0 |   0.0
            +---------+---------+-------+---------+---------+-------
